[Event "Slovakian ECo-C Extraliga 2024-25"]
[Site "Slovakia"]
[Date "2025.01.18"]
[Round "3"]
[White "Moroni, Luca Jr"]
[Black "Navara, David"]
[Result "1/2-1/2"]
[Annotator "TA"]
[ECO "D86"]
[WhiteElo "2545"]
[BlackElo "2671"]
[PlyCount "61"]
[EventDate "2024.09.12"]
[EventType "team-tourn"]
[EventCountry "SVK"]
[SourceTitle "playchess.com"]
[Source "ChessBase"]
[SourceQuality "1"]
[TimeControl "5400+30"]

1. d4 Nf6 2. c4 g6 3. Nc3 d5 4. cxd5 Nxd5 5. e4 Nxc3 6. bxc3 Bg7 7. Bc4 c5 8. Ne2 Nc6 9. Be3 O-O 10. O-O b6 11. Bb5 Bb7 12. Rc1 Rc8 13. Bxc6 Rxc6 14. d5 Rd6 15. c4 e6 16. Qa4 Qd7 17. Qxd7 Rxd7 18. Rfd1 Re8 19. Ng3 f5 20. dxe6 Rxd1+ 21. Rxd1 fxe4 22. Rd7 Bc8 23. Rxa7 Bxe6 24. Rb7 Bxc4 {[%emt 0:00:46] Threatens to win with ...Bd3. A strong pair of Bishops.} 25. Rxb6 Bd4 {[%emt 0:00:31] The position is equal.} 26. Bxd4 cxd4 27. Rb4 Bxa2 28. Rxd4 e3 {[%emt 0:00:07] [#] ...e2 is the strong threat.} 29. fxe3 Rxe3 30. Re4 Rxe4 31. Nxe4 {[%emt 0:00:04] Weighted Error Value: White=0.09 (flawless) /Black=0.08 (flawless) .  Inaccurate:     	White=2     	Black=1      OK:         	White=7     	Black=9      Best:        	White=2     	Black=1} 1/2-1/2

[Event "Slovakian ECo-C Extraliga 2024-25"]
[Site "Slovakia"]
[Date "2025.01.18"]
[Round "3"]
[White "Stalmach, Richard"]
[Black "Kriebel, Tadeas"]
[Result "0-1"]
[Annotator "TA"]
[ECO "E10"]
[WhiteElo "2455"]
[BlackElo "2510"]
[PlyCount "60"]
[EventDate "2024.09.12"]
[EventType "team-tourn"]
[EventCountry "SVK"]
[SourceTitle "playchess.com"]
[Source "ChessBase"]
[SourceQuality "1"]
[TimeControl "5400+30"]

1. d4 Nf6 2. c4 e6 3. Nf3 c5 4. d5 b5 5. dxe6 fxe6 6. cxb5 d5 7. Nc3 Nbd7 8. e4 Bb7 (8... d4 $14 {is more appropriate.}) 9. e5 (9. Ng5 $1 $16 ) 9... Ng4 $14 10. Ng5 Ngxe5 11. Nxe6 ({Better is} 11. f4 $11 Nf7 12. Nxe6) 11... Qe7 $1 $15 12. Nxd5 (12. Nc7+ $1 $15 Kd8 13. Be2 Kxc7 14. Nxd5+ Bxd5 15. Qxd5) 12... Nf3+ $1 $17 13. gxf3 Qxe6+ 14. Ne3 {[%emt 0:00:04] [#]} Ne5 $1 $36 {[%emt 0:00:08][%mdl 2048] Dodges Bc4. Black is in control.} 15. Be2 Rd8 {[%emt 0:00:15] Black has more active pieces. The white rooks are passive.} 16. Qa4 $2 (16. Bd2 $17) 16... Nxf3+ (16... Bxf3 17. Rg1 $17) 17. Bxf3 Bxf3 18. Bd2 $2 (18. Rg1 {might work better.} Rd1+ 19. Qxd1 Bxd1 20. Kxd1) 18... Bxh1 $19 19. O-O-O Bf3 20. Re1 Be7 21. Nc4 Qd7 {[%emt 0:07:06] aiming for ...0-0.} 22. Bg5 {[%emt 0:08:26] [#]} O-O $1 23. Rxe7 (23. Bxe7 Rfe8) 23... Qg4 {[%emt 0:00:16] ( -> ...Qg1+)} 24. Bd2 {[%emt 0:00:35] [#]} Rxd2 $1 25. Kxd2 (25. Qb3 Rd1+) 25... Rd8+ 26. Ke3 Qd4+ 27. Kxf3 {[%emt 0:00:06] [#]} Rf8+ $1 28. Ke2 Qxf2+ (28... Rxf2+ $2 29. Ke1 Qh4 30. Re3 $19 (30. Qxa7 {leads to mate.} Rxh2+ 31. Kd1 Qg4+) (30. Rxa7 Rxb2+ 31. Kd1 Qd4+ 32. Kc1 Qc3+ 33. Kd1 Qd3+ 34. Ke1 Qe2#)) 29. Kd3 Rd8+ 30. Kc3 Qd4+ 0-1

[Event "Slovakian ECo-C Extraliga 2024-25"]
[Site "Slovakia"]
[Date "2025.01.18"]
[Round "3"]
[White "Simacek, Pavel"]
[Black "Piesik, Piotr"]
[Result "1-0"]
[Annotator "TA"]
[ECO "E46"]
[WhiteElo "2426"]
[BlackElo "2422"]
[PlyCount "139"]
[EventDate "2024.09.12"]
[EventType "team-tourn"]
[EventCountry "SVK"]
[SourceTitle "playchess.com"]
[Source "ChessBase"]
[SourceQuality "1"]
[TimeControl "5400+30"]

1. d4 Nf6 2. c4 e6 3. Nc3 Bb4 4. e3 O-O 5. Nge2 Re8 6. a3 Bf8 7. e4 e5 ({Better is} 7... d5 $11) 8. dxe5 $14 Ng4 9. Ng3 d6 10. Be2 Qh4 11. Nb5 Na6 (11... Nxf2 $2 12. Kxf2 Na6 13. Rf1 $18 (13. exd6 c6 $18)) 12. exd6 cxd6 13. Qd5 (13. Nxd6 $2 Rd8 14. Qd5 Rxd6 $19 (14... Bxd6 $2 15. Bg5 $18)) 13... Re5 {[%emt 0:03:36] Wards off Bg5} 14. Qd4 $1 Nc5 {[%emt 0:10:51] [#]} 15. Nc7 $1 (15. Nxd6 $2 Nb3 16. Qc3 Nxc1 (16... Nxa1 17. Nxc8 Re6 18. Nxa7 $15) 17. Bxg4 Bxg4 18. Nxf7 Re7 19. Rxc1 Rxf7 $19) 15... Rb8 {[%emt 0:21:12] [#]} 16. Bf4 (16. b4 $1 $18 ) 16... Qd8 17. Bxe5 Nxe5 18. Nd5 Nb3 19. Qc3 (19. Qxa7 $16 Nc6 20. Qa4 Nxa1 21. O-O) 19... Nxa1 20. O-O Be6 21. Rxa1 g6 22. Nf4 Bd7 23. Rd1 Rc8 24. Qb3 {[%emt 0:03:24][%cal Og3f1] Dodges b5. White is more active.} b6 25. Nf1 Qe8 26. Nd5 Bg7 {[%emt 0:00:04] ...Ba4 is the strong threat. Inhibits Nf6+.} 27. Rd2 Nc6 28. Qe3 Qe5 29. f4 Qe8 30. Bf3 Be6 31. b3 Na5 32. Bd1 Kh8 (32... Bxd5 $14 33. Rxd5 Bb2) 33. Qf2 ({White should try} 33. g3 $16) 33... f5 (33... Bxd5 $14 34. exd5 (34. Rxd5 Qxe4 35. Nd2 Qe6 $11) 34... Qd8) 34. exf5 $18 Bxf5 35. Ng3 Be6 36. Bc2 Qf7 (36... b5 $16) 37. Ne4 {[%emt 0:00:38] Excellent horsemanship.} Qf8 38. Ng5 (38. Qh4 $18 Bxd5 39. Rxd5) 38... Bxd5 (38... Bg8 $16 39. Qh4 Bh6) 39. Rxd5 (39. cxd5 $6 Qf6 $16) 39... Re8 {[%emt 0:00:21] Black is weak on the light squares} 40. Qh4 Bh6 {[%emt 0:00:35] [#]} 41. Qxh6 $1 Qxh6 (41... Re1+ 42. Kf2 Qxh6 43. Nf7+ (43. Kxe1 $2 Qh4+ 44. g3 Qxh2 $19) 43... Kg7 44. Nxh6 $18) 42. Nf7+ (42. Rxd6 $2 {is the wrong capture.} Qf8 43. g3 h6 (43... Qxd6 $2 44. Nf7+ Kg7 45. Nxd6 $19) (43... Re1+ $2 44. Kf2 $19) 44. Bxg6 Re1+ (44... Qxd6 $2 45. Nf7+ Kg7 46. Nxd6 $19) (44... hxg5 $2 45. Rd5 $19) (44... Nxb3 $2 45. Bxe8 hxg5 46. Rd8 $19) 45. Kg2 hxg5 $19 (45... Qxd6 $2 46. Nf7+ Kg7 47. Nxd6 $19) (45... Re2+ $2 46. Kf3 $19)) 42... Kg7 43. Nxh6 Kxh6 {[%emt 0:00:00][%mdl 4096] Endgame KRB-KRN. White is a pawn up.} 44. Kf2 {[%emt 0:00:00] Inhibits Re1.} Re6 45. Kf3 Nc6 46. Be4 Ne7 47. Rb5 Nc8 48. a4 Re7 49. g4 Kg7 50. h4 h6 51. h5 gxh5 52. Rxh5 Re8 53. a5 bxa5 54. Rxa5 Re7 55. Ke3 Nb6 56. Kd4 Rf7 57. Bf5 Rc7 58. Be6 Kf6 59. Bd5 Nd7 $2 (59... Rg7 {is a better defense.} 60. Bf3 Rf7) 60. Ra6 Ke7 61. b4 {[%emt 0:01:23] Wards off Nc5} Nf6 62. Bf3 Nd7 63. Ra1 Nf8 64. Bd5 Ng6 65. Re1+ Kd7 66. Re6 Nxf4 67. Rxh6 {[%emt 0:00:03] and Ke4 would now be decisive} Ne2+ 68. Kd3 Nf4+ 69. Ke4 Ne2 70. g5 1-0

[Event "Slovakian ECo-C Extraliga 2024-25"]
[Site "Slovakia"]
[Date "2025.01.18"]
[Round "3"]
[White "Jurcik, Marian"]
[Black "Mrva, Martin"]
[Result "1-0"]
[Annotator "TA"]
[ECO "A16"]
[WhiteElo "2411"]
[BlackElo "2398"]
[PlyCount "63"]
[EventDate "2024.09.12"]
[EventType "team-tourn"]
[EventCountry "SVK"]
[SourceTitle "playchess.com"]
[Source "ChessBase"]
[SourceQuality "1"]
[TimeControl "5400+30"]

1. c4 Nf6 2. Nc3 c5 3. Nf3 e6 4. g3 Nc6 5. Bg2 d5 6. cxd5 Nxd5 7. O-O Nc7 8. d3 Be7 9. Be3 O-O 10. d4 Na6 (10... cxd4 $14 11. Nxd4 Nb4) 11. Rc1 $16 cxd4 12. Nxd4 Nxd4 13. Bxd4 Nb4 14. a3 Nc6 15. Be3 Qa5 16. Qa4 Qxa4 17. Nxa4 Bd7 18. Rfd1 Rfd8 19. Nc5 {[%emt 0:12:30] White is much more active.} Bxc5 20. Bxc5 Be8 {[%emt 0:00:15] Black is weak on the dark squares} 21. b4 a6 (21... Rxd1+ $11 22. Rxd1 Rc8) 22. Bb6 Rxd1+ 23. Rxd1 f6 24. f4 Kf7 25. Kf2 Ke7 26. g4 $36 {[%emt 0:04:36][%mdl 2048] White is really pushing.} Bd7 (26... Kf7 $16 27. Be4 g6) 27. Bc5+ $18 {[%emt 0:01:20] A strong pair of Bishops.} Ke8 28. Be4 g6 29. Rd3 f5 {[%emt 0:03:22] [#]} 30. gxf5 $1 exf5 $2 (30... gxf5 {is a better defense.} 31. Bf3 Kd8) 31. Bd5 {[%emt 0:00:21] and Re3+ should not be overlooked} Rc8 $2 (31... Kd8 32. Be6 Nb8) 32. Re3+ 1-0

[Event "Slovakian ECo-C Extraliga 2024-25"]
[Site "Slovakia"]
[Date "2025.01.18"]
[Round "3"]
[White "Babula, Vlastimil"]
[Black "Pechac, Jergus"]
[Result "0-1"]
[Annotator "TA"]
[ECO "C02"]
[WhiteElo "2322"]
[BlackElo "2599"]
[PlyCount "80"]
[EventDate "2024.09.12"]
[EventType "team-tourn"]
[EventCountry "SVK"]
[SourceTitle "playchess.com"]
[Source "ChessBase"]
[SourceQuality "1"]
[TimeControl "5400+30"]

1. d4 e6 2. e4 d5 3. e5 c5 4. c3 Nc6 5. Nf3 Bd7 6. Bd3 Qb6 7. O-O cxd4 8. Re1 Rc8 9. h4 (9. Nbd2 $11) 9... Nh6 $1 $17 10. Ng5 g6 11. Na3 Bg7 12. Bf4 a6 13. Nc2 dxc3 $1 14. bxc3 Ne7 (14... O-O $15) 15. Rb1 $11 Qc7 16. Nd4 b5 17. Re3 Nhf5 (17... O-O $11 {keeps the balance.}) 18. Bxf5 $1 $16 gxf5 (18... Nxf5 $2 19. Nxf5 gxf5 20. Qh5 $18) 19. Qh5 $1 Ng6 {[%emt 0:00:34] [#]} 20. Rbe1 $1 {[%emt 0:02:10] And now Bh2 would win.} Qc4 {[%emt 0:03:10] [#]} (20... Nxf4 $2 21. Qxf7+ Kd8 22. Qxg7 $18) (20... Kf8 21. Rf3) 21. Nxf5 $2 exf5 $19 22. e6 Qxf4 (22... Nxf4 23. Qxf7+ Kd8 24. Qxd7#) 23. exd7+ Kxd7 24. Nxf7 Qg4 (24... Qxh4 25. Qxf5+ Kc7 26. Nxh8 $18 (26. Qxd5 Qc4 $14)) 25. Qxg4 fxg4 26. Nxh8 $2 (26. h5 Rhe8 (26... Bxc3 27. Rxc3 Rxc3 28. hxg6 $17) 27. hxg6 Rxe3 (27... hxg6 $2 28. Ne5+ Bxe5 29. Rxe5 $19) (27... Bxc3 28. Rxe8 Rxe8 29. Rc1 $17) 28. Rxe3 hxg6 (28... Rxc3 29. gxh7 d4 30. Re1 $11) 29. Ne5+ Bxe5 30. Rxe5) 26... Bxh8 ({Weaker is} 26... Rxh8 27. h5 Bh6 28. R3e2 $15) 27. h5 Bxc3 28. Rc1 Nf4 29. g3 (29. Rcxc3 $2 Rxc3 (29... Nxh5 $2 {is the wrong capture.} 30. Rxc8 Kxc8 31. Re5 $18) (29... Ne2+ $2 30. Rxe2 Rxc3 31. Re5 $19) 30. Re5 Kd6) (29. Rexc3 $2 Rxc3 (29... Ne2+ $2 30. Kh2 $19) 30. Rd1 Kd6 (30... Nxh5 $2 31. Rxd5+ Kc6 32. Rxh5 $19)) 29... d4 (29... Nxh5 30. Rcxc3 (30. Rexc3 Rc4 $17) 30... Rc4 31. Ra3 $11) 30. Re4 Nd3 31. Rd1 Nb2 32. Rdxd4+ Bxd4 33. Rxd4+ {[%emt 0:00:04][%mdl 4096] Endgame KRN-KR} Ke6 34. Rxg4 Rc5 35. Rg7 Rxh5 36. Ra7 Kd5 {[%emt 0:01:12] Strongly threatening ...Rh6.} 37. Rxa6 Kc4 38. f4 Na4 39. Kg2 $2 (39. Ra7) 39... Rd5 40. Kf3 h5 0-1

[Event "Slovakian ECo-C Extraliga 2024-25"]
[Site "Slovakia"]
[Date "2025.01.18"]
[Round "3"]
[White "Straka, Jozef"]
[Black "Kusiak, Matej"]
[Result "1/2-1/2"]
[Annotator "TA"]
[ECO "D22"]
[WhiteElo "2279"]
[BlackElo "2227"]
[PlyCount "35"]
[EventDate "2024.09.12"]
[EventType "team-tourn"]
[EventCountry "SVK"]
[SourceTitle "playchess.com"]
[Source "ChessBase"]
[SourceQuality "1"]
[TimeControl "5400+30"]

1. d4 d5 2. c4 dxc4 3. Nf3 a6 4. e3 b5 5. a4 Bb7 6. axb5 {[%emt 0:04:06] D22: Queen's Gambit Accepted: 3 Nf3 a6 4 e3.} axb5 7. Rxa8 Bxa8 8. b3 {[%emt 0:00:51] The position is equal.} Nf6 9. bxc4 bxc4 10. Ba3 e6 11. Bxf8 Kxf8 12. Bxc4 g6 $146 (12... Nbd7 13. O-O g6 14. Bb5 Kg7 15. Qc2 Be4 16. Qc1 c5 17. dxc5 Bxb1 18. c6 Be4 {½-½ So,W (2667)-Ismagambetov,A (2500) Asia-ch Mashhad 2011 (1)}) 13. O-O Kg7 14. Nc3 Nbd7 15. Qe2 c5 16. Rd1 Bxf3 17. Qxf3 cxd4 18. Rxd4 {[%emt 0:11:31] An uneventful encounter.   Weighted Error Value: White=0.09 (flawless) /Black=0.00 (flawless)   Inaccurate:     	White=1     	---        OK:         	White=4     	Black=7      Best:        	White=1     	---} 1/2-1/2

[Event "Slovakian ECo-C Extraliga 2024-25"]
[Site "Slovakia"]
[Date "2025.01.18"]
[Round "3"]
[White "Schwarz, Dusan"]
[Black "Jurcik, Martin"]
[Result "0-1"]
[Annotator "TA"]
[ECO "D31"]
[WhiteElo "2264"]
[BlackElo "2349"]
[PlyCount "58"]
[EventDate "2024.09.12"]
[EventType "team-tourn"]
[EventCountry "SVK"]
[SourceTitle "playchess.com"]
[Source "ChessBase"]
[SourceQuality "1"]
[TimeControl "5400+30"]

1. d4 d5 2. c4 e6 3. Nc3 dxc4 4. e4 a6 5. a4 Nc6 6. Be3 Na5 7. Nf3 Bb4 8. Ne5 Qh4 9. Qf3 Nf6 10. g4 (10. Bf4 $1 $11) 10... O-O $15 11. Bf4 (11. Be2 $15 Nb3 12. Rd1) 11... Nd7 12. Nxc4 Nc6 13. Rd1 {[%emt 0:06:00] [#]} e5 $1 14. dxe5 b5 15. axb5 axb5 16. Ne3 Ndxe5 {[%emt 0:00:57] Black is more active.} 17. Qg3 Qxg3 18. fxg3 (18. hxg3 $17 Nf3+ (18... Bxg4 19. Nxg4 Nxg4 20. Bxb5 $11) (18... Nxg4 19. Bxb5 Nxe3 20. Bxe3 $11) 19. Ke2 Ncd4+ 20. Kd3) 18... Ra2 $19 (18... Bxg4 19. Nxg4 Nxg4 20. h3 $11 (20. Bxb5 Nce5 $15)) (18... Nxg4 19. Ned5 $15) 19. Ned5 Rxb2 (19... Nxg4 $2 20. Nxb4 (20. Bxc7 Rxb2 21. Bxb5 Bxc3+ 22. Nxc3 Nge5 $15) (20. Bxb5 Na7 $11) 20... Nxb4 21. Nxa2 (21. Bxc7 $2 {perishes.} Rxb2 22. Rb1 Rxb1+ 23. Nxb1 Bd7 $19) 21... Nxa2 22. Bxb5 $18 (22. Bxc7 Bb7 $18)) 20. Be2 {[%emt 0:00:08] Wards off Nf3+} Bxc3+ ({Much less strong is} 20... Nxg4 21. Nxb4 Nxb4 22. O-O $19) 21. Nxc3 Bxg4 22. Bxg4 Nxg4 {[%emt 0:00:11] A dynamic duo of knights.} 23. Rd7 $2 (23. O-O) 23... Nce5 (23... Rxh2 24. Rxh2 Nxh2 25. Rxc7 $15) 24. Bxe5 Nxe5 25. Rxc7 b4 (25... Nd3+ $142 26. Kf1 f5) 26. Nd1 Nd3+ 27. Kf1 Rd2 28. Ne3 Ra8 29. Kg1 Nf2 (29... Ra1+ $142 30. Nf1 g6 31. h3 Rf2 32. Rc8+ Kg7 33. Rc1 Rxc1 34. h4 Rcxf1#) 0-1

[Event "Slovakian ECo-C Extraliga 2024-25"]
[Site "Slovakia"]
[Date "2025.01.18"]
[Round "3"]
[White "Krak, Tomas"]
[Black "Zvarik, Martin"]
[Result "1/2-1/2"]
[Annotator "TA"]
[ECO "E11"]
[WhiteElo "2253"]
[BlackElo "2166"]
[PlyCount "30"]
[EventDate "2024.09.12"]
[EventType "team-tourn"]
[EventCountry "SVK"]
[SourceTitle "playchess.com"]
[Source "ChessBase"]
[SourceQuality "1"]
[TimeControl "5400+30"]

1. d4 Nf6 2. c4 e6 3. Nf3 Bb4+ 4. Nbd2 O-O 5. a3 Be7 6. e3 b6 7. Bd3 c5 8. O-O Nc6 9. b3 Bb7 10. dxc5 bxc5 11. Qc2 h6 12. Bb2 Qc7 13. Rfd1 Rab8 14. Rab1 Ba8 15. Qc3 Qa5 1/2-1/2

[Event "Slovakian ECo-C Extraliga 2024-25"]
[Site "Slovakia"]
[Date "2025.01.18"]
[Round "3.1"]
[White "Michalik, Peter"]
[Black "Karacsonyi, Gellert"]
[Result "1-0"]
[Annotator "TA"]
[ECO "D24"]
[WhiteElo "2558"]
[BlackElo "2384"]
[PlyCount "97"]
[EventDate "2024.09.12"]
[EventType "team-tourn"]
[EventCountry "SVK"]
[SourceTitle "playchess.com"]
[Source "ChessBase"]
[SourceQuality "1"]
[TimeControl "5400+30"]

1. d4 Nf6 2. c4 e6 3. Nf3 d5 4. Nc3 dxc4 5. e4 b5 6. e5 $1 {[%emt 0:00:07] D24: Queen's Gambit Accepted: 3 Nf3 Nf6 4 Nc3.} (6. Nxb5 Nxe4 7. Qa4 (7. Bxc4 Bb4+ 8. Ke2 O-O $11) 7... c6 $11) 6... Nd5 7. Nxb5 Nb6 8. Be2 {[%emt 0:00:18] White is slightly better.} Nc6 9. Be3 Be7 10. a3 {[%emt 0:00:33] White is more active.} Qd7 11. Nc3 Bb7 12. Qc2 Na5 13. Rd1 f5 14. h4 $5 {[%emt 0:00:30][%mdl 4] A promising side line.} (14. exf6 $14 gxf6 15. O-O) 14... O-O $11 15. h5 $146 ({Only move:} 15. Kf1 $1 $11) (15. Rg1 Rad8 16. Ng5 Bxg5 17. Bxg5 Rb8 18. h5 h6 19. Bh4 Nb3 20. g4 Nxd4 21. Qc1 {1-0 Gajewski,G (2608)-Kollars,D (2621) POL-chT Ekstraliga 2021 (8.2)}) 15... Rab8 (15... Rad8 $5) 16. O-O (16. g3 $11 {deserves consideration.}) 16... Ba6 $2 (16... f4 $15 {stays ahead.} 17. Bc1 Nb3) 17. h6 {[%emt 0:07:26] Black is now going downhill.} (17. d5 $1 $16) 17... g6 {[%emt 0:00:38] [#]} (17... f4 $1 $14) 18. d5 $1 $16 Bb7 (18... Rbd8 $16 19. Ng5 Nxd5) 19. dxe6 $18 Qxe6 20. Nb5 f4 (20... c5 $16 {might work better.} 21. Bf4 (21. Nxa7 Nb3 $16) 21... g5) 21. Nxc7 Qf5 22. Qxf5 Rxf5 23. Bd2 Nb3 24. Bc3 Nc5 25. Nb5 $36 {[%emt 0:04:36][%cal Bc7b5,Bb5d6,Bd6f5,Bf5e7][%mdl 2080] White is on the roll.} Ne4 26. Bd4 Bc5 (26... Ng5 $142 27. Nh4 (27. Nxa7 Nxf3+ 28. Bxf3 Bxf3 $11) 27... f3 28. Nxf5 gxf5 29. gxf3 (29. Nxa7 $2 fxe2 30. Bxb6 exf1=R+ 31. Rxf1 Ne6 $19) 29... Nxf3+ 30. Bxf3 Bxf3) 27. Rfe1 Bxd4 28. Rxd4 Ng5 29. Nd6 (29. Nxa7 Re8 30. Nb5 (30. Bxc4+ Nxc4 31. Nxg5 Rxg5 $17) 30... Bxf3 $18) 29... Bxf3 30. Nxf5 (30. gxf3 Rxe5 31. Kf1 (31. Nxc4 $2 {loses.} Rxe2 32. Rxe2 Nxf3+ 33. Kg2 Nxd4 $19) 31... Nf7 $16) 30... Bxe2 31. Ne7+ Kf7 {[%emt 0:01:23] [#]} 32. Nc6 ({Not} 32. Rxf4+ Kxe7 33. Rxe2 Rd8 $16) 32... Rc8 33. Rxf4+ Ke8 34. Nxa7 Bd3 (34... Ra8 $142 35. Nb5 Nd5) 35. Nxc8 Nxc8 36. Rd4 Ne7 37. Re3 Ne6 38. Rdxd3 cxd3 39. Rxd3 Nf4 40. Rd6 Nf5 41. Rf6 Nd3 {[%emt 0:00:00] [#]} 42. Rxg6 $1 Nxb2 {[%emt 0:00:00] [#]} (42... Ke7 43. a4) 43. g4 $1 Nh4 (43... Ne7 44. Rg7) 44. Rg8+ Kf7 45. Rg7+ Ke6 46. Rxh7 {[%emt 0:00:00] Rg7 is the strong threat.} Nd3 47. Rg7 Nxe5 48. h7 {[%emt 0:00:00] Intending f4 and mate.} Neg6 {[%emt 0:00:00] [#]} 49. f4 $1 {[%emt 0:00:00] Weighted Error Value: White=0.22 (precise) /Black=0.64  Mistake:       	White=4     	Black=6      Inaccurate:     	White=1     	Black=4      OK:         	White=11    	Black=10     Best:        	White=4     	Black=1      Strong:       	White=1     	---} 1-0

[Event "Slovakian ECo-C Extraliga 2024-25"]
[Site "Slovakia"]
[Date "2025.01.18"]
[Round "3.1"]
[White "Neugebauer, Martin"]
[Black "Mihok, Oliver"]
[Result "1/2-1/2"]
[Annotator "TA"]
[ECO "B04"]
[WhiteElo "2509"]
[BlackElo "2536"]
[PlyCount "59"]
[EventDate "2024.09.12"]
[EventType "team-tourn"]
[EventCountry "SVK"]
[SourceTitle "playchess.com"]
[Source "ChessBase"]
[SourceQuality "1"]
[TimeControl "5400+30"]

1. e4 Nf6 2. e5 Nd5 3. d4 d6 4. Nf3 dxe5 5. Nxe5 g6 6. Bc4 c6 7. O-O Bg7 8. Nd2 Nd7 {[%emt 0:00:07] is the legacy move (8...0-0). B04: Alekhine's Defence: 4 Nf3.} 9. Nef3 O-O 10. Re1 b5 11. Bf1 Bb7 $146 (11... N7b6 12. h3 Qc7 13. c3 a5 14. Ne4 Bf5 15. Nc5 Nd7 16. Nxd7 Bxd7 17. a4 e6 {1-0 Jansa,V (2458)-Keller,M (2205) Passau op 8th 2000 (3)}) 12. Ne4 Qc7 13. c4 bxc4 14. Bxc4 c5 15. dxc5 {[%emt 0:00:04] [#]} Nxc5 $1 16. Bxd5 Rad8 $1 17. Nxc5 Rxd5 18. Qb3 Rxc5 19. Be3 Rc4 {[%emt 0:00:07] And now ...Bxf3 would win.} 20. Rac1 {[%emt 0:00:05] The position is equal.} Bd5 21. Rxc4 (21. Qb5 {is interesting.} Rc8 22. Qxd5 Rxc1 23. Bxc1 Qxc1 24. g3) 21... Bxc4 {[%emt 0:00:04] A strong pair of Bishops.} 22. Rc1 Bxb3 23. Rxc7 Bxa2 24. Rxa7 Rd8 {[%emt 0:00:07] [#] ( -> ...Rd1+)} 25. h3 Bd5 26. b4 Rb8 27. Rxe7 Bf8 28. Re5 Bxf3 29. gxf3 Bxb4 30. Kg2 {[%emt 0:00:03] Weighted Error Value: White=0.09 (flawless) /Black=0.04 (flawless)   Inaccurate:     	White=2     	Black=1      OK:         	White=10    	Black=12     Best:        	White=1     	Black=1      Strong:       	---       	Black=1} 1/2-1/2

[Event "Slovakian ECo-C Extraliga 2024-25"]
[Site "Slovakia"]
[Date "2025.01.18"]
[Round "3.1"]
[White "Plat, Vojtech"]
[Black "Sahidi, Samir"]
[Result "1/2-1/2"]
[Annotator "TA"]
[ECO "B50"]
[WhiteElo "2459"]
[BlackElo "2494"]
[PlyCount "31"]
[EventDate "2024.09.12"]
[EventType "team-tourn"]
[EventCountry "SVK"]
[SourceTitle "playchess.com"]
[Source "ChessBase"]
[SourceQuality "1"]
[TimeControl "5400+30"]

1. e4 c5 2. Nf3 d6 3. c3 Nf6 4. Be2 g6 5. O-O Bg7 6. Bb5+ Nbd7 7. Re1 a6 8. Bf1 O-O 9. a4 b6 10. d4 Bb7 11. d5 Qc7 12. Bf4 (12. c4 $14) 12... Rfe8 ({Black should play} 12... Nh5 $11 13. Bc1 Rae8) 13. Nbd2 (13. h3 $14) 13... Nh5 $11 14. Be3 e6 15. dxe6 fxe6 16. Qc2 1/2-1/2

[Event "Slovakian ECo-C Extraliga 2024-25"]
[Site "Slovakia"]
[Date "2025.01.18"]
[Round "3.1"]
[White "Antoniewski, Rafal"]
[Black "Haring, Filip"]
[Result "1/2-1/2"]
[Annotator "TA"]
[ECO "E46"]
[WhiteElo "2444"]
[BlackElo "2469"]
[PlyCount "46"]
[EventDate "2024.09.12"]
[EventType "team-tourn"]
[EventCountry "SVK"]
[SourceTitle "playchess.com"]
[Source "ChessBase"]
[SourceQuality "1"]
[TimeControl "5400+30"]

1. d4 Nf6 2. c4 e6 3. Nc3 Bb4 4. e3 O-O 5. Bd2 d5 6. Nf3 b6 7. Rc1 a6 8. cxd5 exd5 9. Bd3 Bb7 10. O-O Bd6 11. Ne5 c5 12. f4 Nc6 13. Be1 {[%emt 0:00:51] White has an edge.} cxd4 14. Nxc6 Bxc6 15. Ne2 Bd7 16. Nxd4 Re8 17. Qf3 Qe7 18. Bd2 Bc5 19. Rfe1 Qd6 20. Nb3 Bc6 21. Nd4 Bd7 22. Nb3 Bc6 23. Nd4 {[%emt 0:01:55] [#] Threatens to win with Nxc6.} Bd7 {Weighted Error Value: White=0.08 (flawless) /Black=0.10 (very precise) .  Inaccurate:     	White=1     	Black=1      OK:         	White=6     	Black=5} 1/2-1/2

[Event "Slovakian ECo-C Extraliga 2024-25"]
[Site "Slovakia"]
[Date "2025.01.18"]
[Round "3.1"]
[White "Hrbek, Stepan"]
[Black "Aczel, Gergely"]
[Result "1/2-1/2"]
[Annotator "TA"]
[ECO "D35"]
[WhiteElo "2409"]
[BlackElo "2482"]
[PlyCount "92"]
[EventDate "2024.09.12"]
[EventType "team-tourn"]
[EventCountry "SVK"]
[SourceTitle "playchess.com"]
[Source "ChessBase"]
[SourceQuality "1"]
[TimeControl "5400+30"]

1. d4 Nf6 2. c4 e6 3. Nc3 d5 4. cxd5 exd5 5. Bg5 c6 6. e3 h6 7. Bh4 Be7 8. Bd3 O-O 9. Nge2 Re8 10. O-O Nbd7 11. a4 a5 12. f3 Nf8 13. Bf2 Ne6 14. h3 c5 15. Nb5 Bd7 16. Bg3 Qb6 17. Be5 Rac8 18. Nec3 Bxb5 19. Bxb5 Red8 20. Qd2 cxd4 21. exd4 Nh5 (21... Ne8 $5) 22. Rac1 Bb4 23. Qe3 {[%emt 0:03:46][%cal Oc3d5] Hoping for Nxd5!.} Bxc3 ({Don't go for} 23... f6 $2 24. Nxd5 Qa7 25. Rxc8 Rxc8 26. Bd7 $18) ({Better is} 23... Nf6 $14) 24. bxc3 $16 Nf8 25. g4 (25. Rb1 $16) 25... Nf6 $14 {[%emt 0:00:05] Repels Bd7} 26. Rb1 {[%emt 0:00:24] White is more active.} Qe6 27. Bd3 ({White should play} 27. Rfe1 $14) 27... Qc6 28. Rb3 N6d7 29. Bg3 Qxa4 30. Rxb7 Qc6 31. Ra7 Qxc3 32. Be1 {[%emt 0:00:18] This pair of bishops is nice.} Qb2 {[%emt 0:01:14] next ...Re8 is good for Black.} 33. Rxa5 Nf6 34. Rb5 Qa2 35. Bh4 Re8 36. Qf2 Qxf2+ 37. Kxf2 Ne6 38. Bxf6 gxf6 39. Kg3 (39. Rxd5 $2 Nf4 40. Be4 Nxd5 (40... Nxh3+ 41. Kg3 $11) 41. Bxd5 Red8 $17) 39... Nxd4 {[%emt 0:01:02] ...Rc3 is the strong threat.} 40. Rxd5 Ne2+ 41. Bxe2 Rxe2 $11 {[%emt 0:00:00] KRR-KRR} 42. Rb1 Rce8 43. Rf5 Kg7 44. Rf4 R2e5 45. Rbb4 Re1 46. Rf5 R8e5 1/2-1/2